 Dungeon Crawl Stone Soup version 0.30-a0-359-gd0147acb1a (webtiles) character file.

Game seed: 7697077055470352505

1493 NinjaNoafa the Cleaver (level 8, -6/68 HPs)
             Began as a Minotaur Fighter on Nov 11, 2022.
             Was a Follower of Uskayaw.
             Killed by an exploding orc warrior (29 damage)
             ... ignited by their inner flame
             ... on level 6 of the Dungeon.
             The game lasted 00:06:53 (4402 turns).

NinjaNoafa the Cleaver (Minotaur Fighter)           Turns: 4402, Time: 00:06:54

Health: -6/68      AC: 20    Str: 24    XL:     8   Next: 51%
Magic:  11/11      EV:  7    Int:  5    God:    Uskayaw [*.....]
Gold:   1039       SH:  6    Dex:  9    Spells: 7/7 levels left

rFire   . . .      SeeInvis .    x - +0 broad axe (protect)
rCold   . . .      Faith    .    c - +2 buckler
rNeg    . . .      Spirit   .    p - +0 chain mail
rPois   +          Reflect  .    (helmet restricted)
rElec   .          Harm     .    v - +2 cloak {rPois}
rCorr   .          Rampage  .    (no gloves)
Will    .....                    (no boots)
Stlth   ..........               (no amulet)
HPRegen 0.31/turn                (no ring)
MPRegen 0.12/turn                (no ring)

@: under a protective aura
A: horns 2, retaliatory headbutt
a: Renounce Religion, Stomp


You were on level 6 of the Dungeon.
You worshipped Uskayaw.
Uskayaw was noncommittal.
You visited 2 branches of the dungeon, and saw 7 of its levels.

You collected 1039 gold pieces.

Inventory:

Hand Weapons
 x - a +0 broad axe of protection (weapon)
Missiles
 f - 41 stones (quivered)
 l - 17 poisoned darts
Armour
 c - a +2 buckler (worn)
 p - a +0 chain mail (worn)
 v - a +2 cloak of poison resistance (worn)
Jewellery
 b - a ring of poison resistance
Wands
 a - a wand of flame (7)
 r - a wand of digging (2)
 t - a wand of roots (2)
 y - a wand of paralysis (2)
Scrolls
 e - a scroll of blinking {unknown}
 g - 2 scrolls of teleportation
 j - 3 scrolls of fog {unknown}
 k - a scroll of identify {unknown}
 m - a scroll of torment {unknown}
 n - 3 scrolls of brand weapon
 s - a scroll of poison {unknown}
 u - a scroll of amnesia {unknown}
Potions
 h - a potion of flight {unknown}
 o - a potion of resistance {unknown}
 q - a potion of curing
 w - 2 potions of invisibility {unknown}


   Skills:
 - Level 5.0 Fighting
 - Level 9.0 Axes
 - Level 5.0 Armour
 - Level 5.0 Shields
 + Level 5.9 Invocations


You had 7 spell levels left.
You didn't know any spells.
Your spell library contained the following spells:

 Spells                   Type           Power      Damage    Failure   Level
 Gell's Gravitas          Tloc           0%         N/A       100%        3
 Lesser Beckoning         Tloc           0%         N/A       100%        3
 Teleport Other           Tloc           0%         N/A       100%        3
 Vhi's Electric Charge    Tloc/Air       0%         N/A       100%        3
 Arcjolt                  Conj/Air       0%         1d10      100%        5
 Maxwell's Capacitive Co  Air            0%         ∞         100%        8


Dungeon Overview and Level Annotations

Branches:
Dungeon (6/15)             Temple (1/1) D:4

Altars:
Ashenzari
Cheibriados
Hepliaklqana
Kikubaaqudgha
Ru
Uskayaw
Xom
Zin
The Shining One


Innate Abilities, Weirdness & Mutations

You have a pair of horns on your head.
You reflexively headbutt those who attack you in melee.


Message History

x - a +0 broad axe of protection (weapon)
As you read the scroll labelled HEEHAT QUIREKH, it crumbles to dust.
It is a scroll of enchant armour.
Your +0 cloak of poison resistance glows green for a moment.
As you read the scroll of enchant armour, it crumbles to dust.
Your +1 cloak of poison resistance glows green for a moment.
As you read the scroll of enchant armour, it crumbles to dust.
Your +0 buckler glows green for a moment.
The orc priest hits you with a +0 short sword.
The scorpion stings you.
As you read the scroll of enchant armour, it crumbles to dust.
Your +1 buckler glows green for a moment.
The orc priest begins to cast a cantrip, but forgets the words!
You block the scorpion's attack.
As you read the scroll labelled OZIORA PEDIOM, it crumbles to dust.
The creatures around you are filled with an inner flame!
It was a scroll of immolation.
The scorpion stings you.
The orc priest hits you but does no damage.
The orc warrior unwields a +0 arbalest.
The orc warrior wields a +0 flail.
The orc warrior hits you but does no damage.
You hit the orc warrior but do no damage.
Your weapon exudes an aura of protection.
You slash the orc! You closely miss the scorpion. You slash the orc priest!
Flame seeps out of the orc priest.
The orc explodes!
The fiery explosion engulfs something!!
Reactivating autopickup.
You feel a bit more experienced.
The fiery explosion engulfs the orc warrior!
Flame seeps out of the orc warrior.
The orc warrior is severely wounded.
The fiery explosion engulfs the orc priest!!
The fiery explosion engulfs you!
The orc priest explodes!
The fiery explosion engulfs you!
The fiery explosion engulfs the scorpion!!
The fiery explosion engulfs the orc warrior!!
The orc warrior explodes!
The fiery explosion engulfs you!!
You die...

..# # #.# #.#.#
###.#.#
###...#.######
#............#
#.##.§§......#
.....§○@.....#
..##.§§§§....#####
.....§§§.........#
.###############.#
#....)..#.#
#.#####.#.#
#.###.#.#.#
#.#...#.#.#
#.#.#.#.#.#


There were no monsters in sight!

Vanquished Creatures
  Sigmund (D:2)
  An ice beast (D:5)
  An orc warrior (D:6)
  A black bear (D:4)
  3 ogres
  A centaur (D:6)
  A phantom (D:5)
  A necrophage (D:5)
  2 scorpions
  2 howler monkeys (D:5)
  2 hounds
  Crazy Yiuf (D:2)
  3 orc priests
  2 jellies (D:5)
  Ijyb (D:4)
  5 iguanas
  2 orc wizards
  3 gnolls (D:5)
  7 adders
  2 ufetubi (D:5)
  2 worms
  3 dart slugs
  4 orcs
  5 bats
  5 endoplasms
  A giant cockroach (D:4)
  4 goblins (D:1)
  4 hobgoblins
  6 jackals
  3 quokkas
  4 ball pythons
  3 frilled lizards
  6 kobolds
  5 rats
97 creatures vanquished.

Notes
Turn   | Place    | Note
-------+----------+-------------------------------------------
     0 | D:1      | NinjaNoafa the Minotaur Fighter began the quest for the
                  | Orb.
     0 | D:1      | Reached XP level 1. HP: 19/19 MP: 0/0
   147 | D:1      | Reached skill level 3 in Axes
   302 | D:1      | Reached XP level 2. HP: 26/26 MP: 1/1
   396 | D:1      | Found a faded altar of an unknown god.
   924 | D:2      | Reached skill level 4 in Axes
   991 | D:2      | Noticed Sigmund
  1002 | D:2      | HP: 1/26 [Sigmund/+0 scythe (9)]
  1006 | D:2      | Identified a scroll of acquirement
  1006 | D:2      | Acquired 748 gold pieces
  1021 | D:2      | Reached XP level 3. HP: 5/31 MP: 2/2
  1350 | D:2      | Killed Sigmund
  1351 | D:2      | Reached skill level 7 in Axes
  1351 | D:2      | Reached XP level 4. HP: 33/39 MP: 3/3
  1351 | D:2      | Reached XP level 5. HP: 38/45 MP: 4/4
  1662 | D:2      | Found a runed translucent door.
  1663 | D:2      | Noticed Crazy Yiuf
  1821 | D:2      | Killed Crazy Yiuf
  2036 | D:3      | Noticed a phantom
  2283 | D:4      | Found a staircase to the Ecumenical Temple.
  2291 | Temple   | Entered the Ecumenical Temple
  2326 | Temple   | Became a worshipper of Uskayaw the Reveller
  2371 | D:4      | Reached XP level 6. HP: 51/52 MP: 5/5
  2406 | D:4      | Reached * piety under Uskayaw
  2549 | D:4      | Reached ** piety under Uskayaw
  2720 | D:4      | Found a sacrificial altar of Ru.
  2730 | D:4      | Found a shimmering altar of Xom.
  2738 | D:4      | Noticed Ijyb
  2754 | D:4      | Killed Ijyb
  3059 | D:4      | Reached skill level 5 in Fighting
  3059 | D:4      | Reached skill level 5 in Armour
  3059 | D:4      | Reached skill level 5 in Shields
  3059 | D:4      | Reached XP level 7. HP: 61/61 MP: 6/6
  3115 | D:5      | Entered Level 5 of the Dungeon
  3314 | D:5      | Reached *** piety under Uskayaw
  3316 | D:5      | Reached skill level 8 in Axes
  3322 | D:5      | Reached **** piety under Uskayaw
  3531 | D:5      | Reached skill level 9 in Axes
  3760 | D:5      | Reached XP level 8. HP: 68/68 MP: 7/9
  3922 | D:5      | Found an ancient bone altar of Kikubaaqudgha.
  4067 | D:5      | Reached skill level 5 in Invocations
  4186 | D:5      | Found a glowing silver altar of Zin.
  4186 | D:5      | Found a snail-covered altar of Cheibriados.
  4402 | D:6      | Killed by an exploding orc warrior... ignited by their
                  | inner flame

Illustrated notes

Levels and vault maps discovered:
D:1:      dpeg_arrival_castle, layout_loops_corners,
          dreamdust_ecumenical_altar_statues, minmay_fountain_box,
          chequers_serial_rivers_room_a
D:2:      minmay_spotlight, layout_loops_ring, uniq_crazy_yiuf_cottage,
          uniq_sigmund
D:3:      layout_basic, serial_shops, shop, kennysheep_potato
D:4:      layout_loops_ring, mainiacjoe_overflow_large_starburst,
          temple_statues, portal_sewer_entry_b, hangedman_decor_diamond_cutter,
          uniq_ijyb
D:5:      layout_basic, gammafunk_temple_overflow_wave, minmay_ruined_shrine
D:6:      dreamdust_elfheim, layout_basic, gammafunk_ghost_nasty_kobolds
Temple:   bh_familiar_temple

Skill      XL: |  1  2  3  4  5  6  7  8 |
---------------+-------------------------+-----
Axes           | 3 4 7 9 |  9.0
Armour         | 4 5 |  5.0
Fighting       | 4 5 |  5.0
Shields        | 4 5 |  5.0
Invocations    | 2 5 |  5.9

Action                   |  1- 3 |  4- 6 |  7- 9 || total
-------------------------+-------+-------+-------++-------
Melee: War axe           |    66 |   106 |    58 ||   230
       Headbutt          |     7 |    11 |    15 ||    33
       Broad axe         |       |       |    36 ||    36
  Use: Scroll            |     2 |     2 |     6 ||    10
       Potion            |     2 |       |       ||     2
 Stab: Paralysed         |       |       |     6 ||     6
Armor: Scale mail        |    56 |     6 |       ||    62
       Chain mail        |       |    54 |    72 ||   126
Dodge: Dodged            |    33 |    49 |    34 ||   116
Block: Buckler           |    19 |    24 |    27 ||    70

Table legend: (Time is in decaauts)
 A = Elapsed time spent in this place.
 B = Non-inter-level travel time spent in this place.
 C = Inter-level travel time spent in this place.
 D = Time resting spent in this place.
 E = Time spent auto-exploring this place.
 F = Levels seen in this place.
 G = Mean time per level.
                   A        B        C        D        E       F      G
               +--------+--------+--------+--------+--------+-----+--------+
         Total |   4456 |   4223 |    233 |      0 |   3180 |   7 |  636.6 |
       Dungeon |   4409 |   4176 |    233 |      0 |   3160 |   6 |  734.8 |
        Temple |     46 |     46 |      0 |      0 |     20 |   1 |   46.0 |
               +--------+--------+--------+--------+--------+-----+--------+

Top non-repeatable levels by time:
     D:5: 1193 daAuts
     D:4: 1033 daAuts
     D:2: 1008 daAuts
     D:1: 1008 daAuts
     D:6: 105 daAuts
     D:3: 60 daAuts
  Temple: 46 daAuts
